[Event "The Schackveckan 2023: Göteborg open"]
[Site "Göteborgs schackcentrum, Vegagatan 20, Gothenburg, Sweden"]
[Date "2023.08.11"]
[Round "2.5"]
[White "Johansson, William"]
[Black "Yang, Mandi"]
[Result "1/2-1/2"]
[TimeControl "15 minutes + 5 seconds per move from move one (Round 1 - 4) / 90 minutes + 30 seconds per move from move one (Round 5 - 8)"]
[WhiteFideId "1744070"]
[BlackFideId "1774778"]
[WhiteElo "2052"]
[BlackElo "1457"]

1. e4 c6 2. d4 d5 3.
exd5 cxd5 4. Bd3 Nf6 5.
c3 Bg4 6. Qb3 Qc7 7. f3 Bh5 8. Ne2 e6 9. Bf4 Qd7 10. Na3 Nc6 11. O-O Be7 12. Nc2 Na5 13. Qb5 Qxb5 14. Bxb5+ Nc6 15. a4 O-O 16. a5 Bg6 17.
Ne1 a6 18. Bd3 Nd7 19. Bxg6 hxg6 20. Nd3 f6 21. Rfd1 Rac8 22. Bg3 Rfe8 23. b4 Na7 24. Nc5 Nxc5 25. bxc5 Nb5 26. Rdc1 g5 27.
h4 gxh4 28. Bxh4 e5 29. Kf2 f5 30. Bxe7 Rxe7 31. Ra4 g5 32. c4 dxc4 33. Raxc4 exd4 34. Nxd4 Nxd4 35. Rxd4 Re5 36. Rdc4 Rce8 37.
R1c2 Rc8 38. Kg3 Kg7 39. f4 gxf4+ 40. Kxf4 Kf6 41. c6 Rxa5 42. cxb7 Rb8 43. Rc6+ Ke7 44. Rb6 Rb5 45. Rxa6 R8xb7 46. Re2+ Kf7 47. Rh6 Rb4+ 48. Kxf5 R7b5+ 49. Re5 Rxe5+ 50. Kxe5 Rg4 51. Rh2 Kg6 52. Rh8 Rg5+ 53. Kf4 Rf5+ 54. Kg4 Rg5+ 55. Kh4 Ra5 56.
g4 Kg7 57. Rb8 Kg6 58. Rb6+ Kg7 59. Kg3 Kf7 60. Kf4 Kg7 61. Re6 Kf7 62. Re4 Kf6 63. Rd4 Kf7 64. g5 Kg6 65. Rd6+ Kf7 66. Rf6+ Kg7 67. Rf5 Rxf5+ 68. Kxf5 Kf7 69. g6+ Kg8 70. Kg5 Kg7 71. Kh5 Kg8 72.
Kg5 Kg7 73. Kf5 Kg8 74. Kf6 Kf8 75.
g7+ Kg8 1/2-1/2

[Event "The Schackveckan 2023: Göteborg open"]
[Site "Göteborgs schackcentrum, Vegagatan 20, Gothenburg, Sweden"]
[Date "2023.08.11"]
[Round "2.6"]
[White "Granath, Jonas"]
[Black "Svensson, Leif"]
[Result "1-0"]
[TimeControl "15 minutes + 5 seconds per move from move one (Round 1 - 4) / 90 minutes + 30 seconds per move from move one (Round 5 - 8)"]
[WhiteFideId "1761013"]
[BlackFideId "1702459"]
[WhiteElo "1896"]
[BlackElo "2038"]

1. e4 Nf6 2. e5 Nd5 3. c4 Nb6 4. c5 Nd5 5. Nc3 c6 6. d4 d6 7. Nxd5 cxd5 8.
cxd6 exd6 9. Nf3 Nc6 10. Be2 dxe5 11. dxe5 Bb4+ 12. Bd2 Qe7 13. O-O Bxd2 14. Qxd2 Be6 15. Nd4 O-O 16. f4 Qc5 17.
Rad1 f6 18. exf6 Rxf6 19. Kh1 Nxd4 20. Qxd4 Qxd4 21. Rxd4 Rc8 22. Rd2 g6 23. g3 Rc5 24. Bf3 Bf7 25. Rfd1 Rd6 26. a3 a5 27. Rd4 b5 28. R1d2 Kg7 29. Kg2 Kf6 30. Kf2 Ke7 31.
Be2 Rb6 32. b4 axb4 33. axb4 Rc3 34. Bf3 Rc4 35. Bxd5 Rxd4 36. Rxd4 Rd6 37. Re4+ Kf6 38. Bxf7 Kxf7 39. Ke3 Rc6 40.
Re5 Rc2 41. h4 Rc3+ 42. Kf2 h5 43. Rxb5 Rc2+ 44. Kf3 Kf6 45. Rc5 Rb2 46. b5 Rb3+ 47. Kf2 Rb2+ 48. Kf3 Rb3+ 49. Kg2 Rb2+ 50. Kh3 Kf7 51. f5 Kf6 52. fxg6 Kxg6 53. Rc6+ Kg7 54. b6 Kf7 55. Rc7+ Kg6 56. b7 Kf5 57. Rh7 Kg6 58.
Rc7 Kf6 59. Rc5 Rxb7 60. Rxh5 Rb3 61. Kg4 Rb4+ 62. Kf3 Rb3+ 63. Kf2 Rb2+ 64. Kf3 Rb3+ 65. Kg2 Rb2+ 66. Kh3 Rb3 67. Ra5 Rc3 68. Kg4 Rc4+ 69.
Kh5 Rc3 70. g4 Rg3 71. g5+ Kg7 72. Ra7+ Kh8 73. Kg6 Ra3 74. Rxa3 1-0

[Event "The Schackveckan 2023: Göteborg open"]
[Site "Göteborgs schackcentrum, Vegagatan 20, Gothenburg, Sweden"]
[Date "2023.08.11"]
[Round "2.7"]
[White "Ottgard, Andreas"]
[Black "Harila, Per"]
[Result "1/2-1/2"]
[TimeControl "15 minutes + 5 seconds per move from move one (Round 1 - 4) / 90 minutes + 30 seconds per move from move one (Round 5 - 8)"]
[WhiteFideId "1730592"]
[BlackFideId "1707248"]
[WhiteElo "1874"]
[BlackElo "2016"]

1. c4 f5 2. g3 Nf6 3. Bg2 d6 4. Nc3 g6 5. d3 Bg7 6. Nf3 O-O 7. O-O e5 8. Rb1 Nc6 9. b4 h6 10.
a4 g5 11. e3 Qe8 12. Nd5 Qh5 13. Nxc7 f4 14. Nxa8 Bh3 15. Nc7 Ng4 16. Ne6 fxg3 17. Nxf8 e4 18. dxe4 Nce5 19. Nxe5 gxh2+ 20. Kh1 Nxf2+ 21. Rxf2 Qxd1+ 22. Kxh2 Bxg2 23. Kxg2 Bxe5 1/2-1/2

[Event "The Schackveckan 2023: Göteborg open"]
[Site "Göteborgs schackcentrum, Vegagatan 20, Gothenburg, Sweden"]
[Date "2023.08.11"]
[Round "2.8"]
[White "Buzleta, Patrik"]
[Black "Bengtsson, Siv"]
[Result "0-1"]
[TimeControl "15 minutes + 5 seconds per move from move one (Round 1 - 4) / 90 minutes + 30 seconds per move from move one (Round 5 - 8)"]
[WhiteFideId "1755463"]
[BlackFideId "1701673"]
[WhiteElo "1604"]
[BlackElo "2010"]

1. Nf3 Nf6 2. b3 g6 3. Bb2 Bg7 4. e3 d5 5. Qc1 O-O 6. h3 c5 7. d3 Nc6 8. Nbd2 d4 9. a3 e5 10.
Be2 dxe3 11. fxe3 Nh5 12. Ne4 Qe7 13. g4 Nf6 14. Nxf6+ Bxf6 15. Qd2 e4 16. Bxf6 Qxf6 17. O-O exf3 18. Bxf3 Qd6 19. Qg2 Bd7 20.
Rad1 Rae8 21. Qf2 b6 22. c3 Qe5 23. d4 cxd4 24. exd4 Qe3 25. Rc1 Na5 26. Qxe3 Rxe3 27. Kf2 Rfe8 28. c4 Nxb3 29. Rcd1 Na5 30.
c5 bxc5 31. dxc5 Bc6 32. Bxc6 Nxc6 33. Rd6 R3e6 34. Rfd1 Kf8 35. h4 Ne5 36. Kg3 Rc8 37. R1d5 Rxd6 38. cxd6 Nd7 39. Kf4 f6 40. Rd4 Rc6 41.
Ke4 Kf7 42. Kd5 Ra6 43. Rd3 Ne5 44. Rc3 Ra5+ 45. Ke4 Ke6 46. g5 Ra4+ 47. Ke3 Rxh4 48. gxf6 Rh3+ 49. Kd4 Rxc3 50. Kxc3 Kxf6 0-1

[Event "The Schackveckan 2023: Göteborg open"]
[Site "Göteborgs schackcentrum, Vegagatan 20, Gothenburg, Sweden"]
[Date "2023.08.11"]
[Round "2.9"]
[White "Kosmidis, Thomas"]
[Black "Eriksson, Kristian"]
[Result "0-1"]
[TimeControl "15 minutes + 5 seconds per move from move one (Round 1 - 4) / 90 minutes + 30 seconds per move from move one (Round 5 - 8)"]
[WhiteFideId "1753380"]
[BlackFideId "1705172"]
[WhiteElo "1721"]
[BlackElo "2057"]

1. d4 Nf6 2. c4 e6 3. Nc3 Bb4 4. Qc2 O-O 5. e3 c5 6. a3 Bxc3+ 7. bxc3 d6 8. Bd3 e5 9. d5 Nbd7 10.
Ne2 b5 11. e4 bxc4 12. Bxc4 Nb6 13. Ba2 Bd7 14. O-O Ba4 15. Qd3 Rb8 16. Bg5 h6 17. Bh4 g5 18. Bg3 Qe7 19. f3 Nh5 20.
Rab1 Bd7 21. Qa6 Bc8 22. Qd3 f5 23. c4 fxe4 24. fxe4 Bg4 25. Bb3 Bxe2 26. Qxe2 Nf4 27. Bxf4 exf4 28. Bc2 Nd7 29. Qh5 Kg7 30.
e5 Nxe5 31. Rbe1 Qf7 32. Qe2 Rb2 33. Qe4 Kh8 34. Bb1 Rbb8 35. h4 Rbe8 36. hxg5 hxg5 37. Qc2 Qh5 38. Rxe5 Rxe5 39. Rf3 Re1+ 40. Rf1 Rxf1+ 41. Kxf1 f3 42. g4 Qh1+ 43. Kf2 Qg2+ 44. Ke3 Qxc2 45. Bxc2 f2 0-1

[Event "The Schackveckan 2023: Göteborg open"]
[Site "Göteborgs schackcentrum, Vegagatan 20, Gothenburg, Sweden"]
[Date "2023.08.11"]
[Round "2.10"]
[White "Degerfeldt, Sven"]
[Black "Mohammed, Safian Haj"]
[Result "0-1"]
[TimeControl "15 minutes + 5 seconds per move from move one (Round 1 - 4) / 90 minutes + 30 seconds per move from move one (Round 5 - 8)"]
[WhiteFideId "1717430"]
[BlackFideId "1729276"]
[WhiteElo "1821"]
[BlackElo "1862"]

1. d4 Nf6 2. Nf3 g6 3. g3 Bg7 4. Bg2 c5 5. c3 cxd4 6. cxd4 d5 7. Nc3 O-O 8. O-O e6 9. Bg5 h6 10.
Bf4 Nc6 11. h4 Nh5 12. Qd2 Nxf4 13. Qxf4 Qb6 14. b3 Nxd4 15. Rac1 Nxf3+ 16. Bxf3 Bd7 17. Rfd1 Rac8 18. Na4 Bxa4 19.
Qxa4 a6 20. Qd7 Rcd8 21. Qc7 Qb4 22. e3 Bb2 23. Rc2 Rc8 24. Qxc8 Rxc8 25. Rxc8+ Kg7 26. Rc2 Be5 27. Kg2 b5 28. Rc6 Qa5 29. Rc2 Qb4 30.
Be2 d4 31. e4 f5 32. f4 fxe4 33. fxe5 d3 34. Rc7+ Kf8 35. Rf1+ Ke8 36. Bg4 Qd2+ 37. Rf2 Qa5 38. Rff7 Qd2+ 39. Kh3 Qe1 40. Rce7+ Kd8 41.
Bxe6 Qh1+ 42. Kg4 Qd1+ 43. Kf4 Qe2 0-1

[Event "The Schackveckan 2023: Göteborg open"]
[Site "Göteborgs schackcentrum, Vegagatan 20, Gothenburg, Sweden"]
[Date "2023.08.11"]
[Round "2.11"]
[White "Lindholm, Marcus"]
[Black "Sandberg, Lucas"]
[Result "0-1"]
[TimeControl "15 minutes + 5 seconds per move from move one (Round 1 - 4) / 90 minutes + 30 seconds per move from move one (Round 5 - 8)"]
[WhiteFideId "1743473"]
[BlackFideId "1773712"]
[WhiteElo "1708"]
[BlackElo "1311"]

1. d4 Nf6 2. Bg5 Ne4 3. h4 h6 4. Bf4 d5 5. Nd2 Bf5 6. e3 c5 7. Nxe4 Bxe4 8. Bxb8 Qxb8 9. Bb5+ Kd8 10.
dxc5 a6 11. Bc4 e6 12. Nf3 Bxc5 13. Bd3 Bxd3 14. Qxd3 Ke7 15. O-O-O Qc7 16. Qc3 Kf8 17. g4 Bd6 18. Qd3 Rc8 19.
Kb1 Be7 20. Nd4 Qc4 21. Qd2 g6 22. f4 Kg7 23. f5 e5 24. Nf3 e4 25. Ne5 Qc7 26. Qxd5 Bf6 27. Nd7 Qxc2+ 0-1

[Event "The Schackveckan 2023: Göteborg open"]
[Site "Göteborgs schackcentrum, Vegagatan 20, Gothenburg, Sweden"]
[Date "2023.08.11"]
[Round "2.12"]
[White "Pintaric, Felix"]
[Black "Wengholm, Anders"]
[Result "1-0"]
[TimeControl "15 minutes + 5 seconds per move from move one (Round 1 - 4) / 90 minutes + 30 seconds per move from move one (Round 5 - 8)"]
[WhiteFideId "1776096"]
[BlackFideId "1704818"]
[WhiteElo "1483"]
[BlackElo "2155"]

1. e4 c5 2. c3 Nf6 3. e5 Nd5 4. d4 cxd4 5. Nf3 e6 6. cxd4 b6 7. Bc4 Ba6 8. Bxa6 Nxa6 9. O-O Be7 10. Nc3 Nac7 11. Bd2 O-O 12.
Rc1 f6 13. Ne4 Qe8 14. Qe2 Rc8 15. Rc2 Na8 16. Rfc1 Rxc2 17. Rxc2 Nac7 18. a3 Qb8 19. Qd1 a6 20. h3 Qb7 21. Qc1 a5 22. Ne1 Na6 23. Nc3 fxe5 24.
dxe5 Nc5 25. Nf3 Nd3 26. Qf1 Rxf3 27. gxf3 Nxe5 28. Qg2 Kf7 29. Ne4 h6 30. f4 Nd3 31. Be3 Qb8 32. Ng3 Ne1 33.
Qe4 Nxc2 34. Qxc2 1-0

[Event "The Schackveckan 2023: Göteborg open"]
[Site "Göteborgs schackcentrum, Vegagatan 20, Gothenburg, Sweden"]
[Date "2023.08.11"]
[Round "2.13"]
[White "Westlund, Tim"]
[Black "Imani Lasaki, Hamed"]
[Result "1-0"]
[TimeControl "15 minutes + 5 seconds per move from move one (Round 1 - 4) / 90 minutes + 30 seconds per move from move one (Round 5 - 8)"]
[WhiteFideId "1754718"]
[BlackFideId "1766970"]
[WhiteElo "1861"]
[BlackElo "1624"]

1. e4 e5 2. Nf3 Nc6 3. Bc4 Bc5 4.
d3 Nf6 5. c3 Na5 6. Nxe5 Nxc4 7. Nxc4 d5 8. exd5 Qxd5 9. Qe2+ Be6 10. O-O O-O-O 11. Ne5 Rhe8 12. d4 Bd6 13. f4 g6 14.
Nd2 h5 15. Qf3 Ng4 16. Qxd5 Bxd5 17.
Nxg4 hxg4 18. c4 Be4 19. c5 Bf8 20. Nb3 Bc2 21. Bd2 Bxb3 22. axb3 Rxd4 23. Bc3 Rd3 24. b4 a6 25. Rae1 Ree3 26.
Kf2 Rxe1 27. Rxe1 Kd7 28. Re4 f5 29. Rd4+ Rxd4 30. Bxd4 Kc6 31. Bc3 Kd5 32. Kg3 Ke4 33. Kh4 Be7 34. Kg3 g5 35. Bd2 gxf4+ 36. Bxf4 c6 37. Bd6 Bf6 38.
b3 Bc3 39. h3 gxh3 40. gxh3 Bxb4 41. h4 b6 42. h5 bxc5 43. h6 Kd5 44. Be5 f4+ 45. Kf3 Kxe5 46. h7 a5 47. h8=Q+ Kd5 48. Kxf4 Kd6 49. Qe5+ Kd7 50. Kf5 Kc8 51. Qd6 Kb7 52. Ke6 c4 53. Qd7+ Kb6 54. bxc4 a4 55. Qd4+ Bc5 56. Qb2+ Ka5 57.
Kd7 a3 58. Qb3 Bb4 59. Kxc6 Ka6 60.
Qa4+ Ba5 61. Qxa3 1-0

[Event "The Schackveckan 2023: Göteborg open"]
[Site "Göteborgs schackcentrum, Vegagatan 20, Gothenburg, Sweden"]
[Date "2023.08.11"]
[Round "2.14"]
[White "Thern, Alfred"]
[Black "Lindhe Nilsson, Filip"]
[Result "1-0"]
[TimeControl "15 minutes + 5 seconds per move from move one (Round 1 - 4) / 90 minutes + 30 seconds per move from move one (Round 5 - 8)"]
[WhiteFideId "1775227"]
[BlackFideId "1779826"]
[WhiteElo "1643"]
[BlackElo "1818"]

1. e4 c6 2. d4 d5 3. e5 c5 4. dxc5 Nc6 5. Nf3 Bg4 6. c3 Nxe5 7. Nxe5 Bd7 8. Nxd7 Qxd7 9. Qb3 a6 10.
Be3 e5 11. Bd3 Nf6 12. O-O Ng4 13. Nd2 Nxe3 14. fxe3 Bxc5 15. Rae1 O-O 16. Bf5 Qd6 17. Qc2 Kh8 18. b4 Ba7 19.
Kh1 Qh6 20. Rf3 g6 21. Rh3 Qg5 22. Bd3 e4 23. Bf1 f5 24. Rg3 Qh6 25. c4 Rac8 26. Qb2+ Kg8 27. cxd5 b5 28. Rh3 Qg5 29.
Qe5 Rfe8 30. Qf4 Qe7 31. d6 Qd7 32. Nb3 Rc2 33. Nd4 Rxa2 34. Rc1 Bb6 35. Nc6 Kh8 36. Ne7 Rxe7 37. dxe7 Bc7 38.
Rxc7 1-0

[Event "The Schackveckan 2023: Göteborg open"]
[Site "Göteborgs schackcentrum, Vegagatan 20, Gothenburg, Sweden"]
[Date "2023.08.11"]
[Round "2.15"]
[White "Andersson, Stig"]
[Black "Hallberg, Kristjan"]
[Result "1-0"]
[TimeControl "15 minutes + 5 seconds per move from move one (Round 1 - 4) / 90 minutes + 30 seconds per move from move one (Round 5 - 8)"]
[WhiteFideId "1731971"]
[BlackFideId "1717499"]
[WhiteElo "1811"]
[BlackElo "1592"]

1. e4 c5 2. Nf3 Nc6 3. Bc4 d6 4. h3 Nf6 5. Nc3 e6 6. O-O Be7 7. Re1 O-O 8. Bf1 Nd4 9. Nb1 a6 10.
c3 Nxf3+ 11. Qxf3 Qc7 12. d4 d5 13. e5 Ne4 14. Nd2 Nxd2 15. Bxd2 Bd7 16. Bd3 f5 17. exf6 Bxf6 18. Bf4 Qb6 19.
Qg3 Rae8 20. dxc5 Qxc5 21. Bd6 Qb6 22. Bxf8 Rxf8 23. Rab1 e5 24. Rf1 e4 25. Be2 Qe6 26. Bg4 Qe7 27.
Bxd7 Qxd7 28. Rbd1 Qb5 29. Rd2 Qc4 30. a3 Qb3 31. Rfd1 Rd8 32. Qg4 Rd6 33. Qc8+ Rd8 34. Qc5 b6 35.
Qb4 Qxb4 36. axb4 a5 37. bxa5 bxa5 38. Rxd5 Rb8 39. R1d2 a4 40. Re2 Rc8 41. Red2 1-0

[Event "The Schackveckan 2023: Göteborg open"]
[Site "Göteborgs schackcentrum, Vegagatan 20, Gothenburg, Sweden"]
[Date "2023.08.11"]
[Round "2.16"]
[White "Al Saab, Ranny"]
[Black "Eldh, Hjalmar"]
[Result "1/2-1/2"]
[TimeControl "15 minutes + 5 seconds per move from move one (Round 1 - 4) / 90 minutes + 30 seconds per move from move one (Round 5 - 8)"]
[WhiteFideId "1768360"]
[BlackFideId "1767968"]
[WhiteElo "1598"]
[BlackElo "1738"]

1. e4 e5 2. Nf3 Nc6 3. Bc4 Bc5 4. O-O Nf6 5. d3 h6 6. Nc3 O-O 7. h3 a6 8. Be3 Bxe3 9. fxe3 d6 10.
d4 Qe7 11. Nd5 Nxd5 12. Bxd5 Nd8 13. Qe2 c6 14. Bb3 Be6 15. c4 Bd7 16. a4 c5 17. d5 f5 18. exf5 Bxf5 19. e4 Bh7 20.
Nd2 Nf7 21. Bc2 Ng5 22. Ra3 Rxf1+ 23. Kxf1 Rf8+ 24. Kg1 Rf4 25. Rb3 Kf8 26. Rb6 Ke8 27. b4 Qc7 28. a5 cxb4 29. Kh2 Kd8 30.
Rxb4 Kc8 31. g3 Rf6 32. h4 Nf7 33. Ra4 Qc5 34. Kg2 h5 35. Nb3 Qa7 36. Rb4 Nh6 37. Rb6 Ng4 38. Qd3 Rf2+ 39.
Kh1 Rf4 40. Kg1 Rxe4 41. Qf3 Re1+ 42. Kg2 Ne3+ 43. Kh2 Rf1 44. Qxh5 Rf2+ 45. Kh3 Bxc2 46. Qe8+ Kc7 47. Qe7+ Kc8 48. Qe8+ Kc7 1/2-1/2

[Event "The Schackveckan 2023: Göteborg open"]
[Site "Göteborgs schackcentrum, Vegagatan 20, Gothenburg, Sweden"]
[Date "2023.08.11"]
[Round "2.17"]
[White "Bergholtz, Karl"]
[Black "Wennerlund, Elias"]
[Result "0-1"]
[TimeControl "15 minutes + 5 seconds per move from move one (Round 1 - 4) / 90 minutes + 30 seconds per move from move one (Round 5 - 8)"]
[WhiteFideId "1756141"]
[BlackFideId "1742353"]
[WhiteElo "1521"]
[BlackElo "1710"]

1. e4 Nf6 2. Nc3 d5 3. exd5 Nxd5 4. Qf3 c6 5. Bc4 e6 6. Nge2 Be7 7. O-O Nd7 8. Bb3 O-O 9. d3 Ne5 10.
Qe4 Bf6 11. f4 Ng6 12. g4 Nxc3 13. bxc3 Re8 14. g5 Be7 15. Bb2 a5 16. a4 Bf8 17. Ng3 Nh4 18. Rae1 Bd7 19. Nh5 Nf5 20.
c4 Qb6+ 21. Kg2 c5 22. Kh3 Bc6 23. Qe5 Nd4 24. Rb1 Rad8 25. Ba1 Bf3 26. Rxf3 Nxf3 27. Qe3 Qc6 28. Nf6+ gxf6 29. gxf6 Kh8 30.
Rf1 Nd4 31. Rg1 Bh6 32. Qe5 Rg8 33.
Rxg8+ Rxg8 34. Bxd4 Qf3+ 0-1

[Event "The Schackveckan 2023: Göteborg open"]
[Site "Göteborgs schackcentrum, Vegagatan 20, Gothenburg, Sweden"]
[Date "2023.08.11"]
[Round "3.1"]
[White "Bjorklund, Thomas"]
[Black "Hector, Jonny"]
[Result "1-0"]
[TimeControl "15 minutes + 5 seconds per move from move one (Round 1 - 4) / 90 minutes + 30 seconds per move from move one (Round 5 - 8)"]
[BlackTitle "GM"]
[WhiteFideId "1724576"]
[BlackFideId "1700090"]
[WhiteElo "2139"]
[BlackElo "2466"]

1. e4 e5 2. Nf3 Nc6 3. Bc4 Nf6 4. d3 d5 5. exd5 Nxd5 6. O-O Nb6 7. Bb3 Bg4 8. Re1 Bd6 9. Nxe5 Nxe5 10. Qxg4 O-O 11. Qh3 a5 12.
a4 c6 13. Nc3 Bc7 14. Be3 Ng6 15. Ne4 Nd5 16. Ng5 h6 17. Nf3 Ngf4 18. Bxf4 Nxf4 19. Qf5 g6 20. Qe4 Bd6 21. g3 Nd5 22.
Bxd5 cxd5 23. Qxd5 Qf6 24. Kg2 Rfd8 25. Qb3 Bb4 26. Re4 g5 27. h3 Kg7 28. Rf1 Ra6 29. Ne5 Rb6 30. f4 Bd2 31.
fxg5 Qxf1+ 32. Kxf1 Rxb3 33. cxb3 hxg5 34. Ke2 f5 35. Rc4 Bb4 36. Rc7+ Kf6 37. Nc4 Rh8 38. h4 gxh4 39. gxh4 Rxh4 40. Rxb7 Rh2+ 41. Kf3 Rh3+ 42. Ke2 Rh2+ 43. Kf1 f4 44.
Rb5 f3 45. Ne3 Rxb2 46. Nd5+ Ke6 47. Nxb4 axb4 48. Rxb4 Kf5 49. a5 Ra2 50. Ra4 Rd2 51. a6 1-0

[Event "The Schackveckan 2023: Göteborg open"]
[Site "Göteborgs schackcentrum, Vegagatan 20, Gothenburg, Sweden"]
[Date "2023.08.11"]
[Round "3.2"]
[White "Olsson, William"]
[Black "Granath, Jonas"]
[Result "1-0"]
[TimeControl "15 minutes + 5 seconds per move from move one (Round 1 - 4) / 90 minutes + 30 seconds per move from move one (Round 5 - 8)"]
[WhiteTitle "FM"]
[WhiteFideId "1741721"]
[BlackFideId "1761013"]
[WhiteElo "2400"]
[BlackElo "1896"]

1. c4 e6 2. g3 d5 3.
Bg2 dxc4 4. Qa4+ Nd7 5. Qxc4 a6 6.
Qc2 c5 7. Nc3 Ngf6 8. a4 Be7 9. Nf3 O-O 10. O-O Qc7 11. a5 Ne5 12. Ng5 h6 13. Nge4 Bd7 14. Nxf6+ Bxf6 15. Ne4 Be7 16. d4 Bc6 17. dxe5 Qxe5 18.
Nc3 Bxg2 19. Kxg2 Rad8 20. Bf4 Qh5 21. Rfd1 g5 22. Bc7 Rc8 23. Bd6 Bxd6 24. Rxd6 g4 25. Rad1 Rce8 26. Ne4 f5 27.
Nxc5 f4 28. Nxe6 f3+ 29. exf3 gxf3+ 30. Kg1 Rf5 31. Qc3 Re5 32. Nf4 Qg4 33. Rg6+ 1-0

[Event "The Schackveckan 2023: Göteborg open"]
[Site "Göteborgs schackcentrum, Vegagatan 20, Gothenburg, Sweden"]
[Date "2023.08.11"]
[Round "3.3"]
[White "Bengtsson, Siv"]
[Black "Ustianovich, Nazar"]
[Result "0-1"]
[TimeControl "15 minutes + 5 seconds per move from move one (Round 1 - 4) / 90 minutes + 30 seconds per move from move one (Round 5 - 8)"]
[BlackTitle "FM"]
[WhiteFideId "1701673"]
[BlackFideId "14109778"]
[WhiteElo "2010"]
[BlackElo "2314"]

1. e4 c5 2. Nf3 g6 3. d4 cxd4 4. Nxd4 Nc6 5. Nc3 Bg7 6. Be3 Nf6 7. Bc4 O-O 8. Bb3 Re8 9. f3 e6 10. Qd2 d5 11. exd5 Nxd5 12.
Nxd5 Nxd4 13. Nc3 Nf5 14. O-O-O Qa5 15. Bf2 Bh6 16. f4 e5 17. g3 exf4 18. gxf4 Be6 19. Kb1 Red8 20. Qe2 Bxb3 21. axb3 Bxf4 22.
Ne4 b6 23. Be1 Rxd1+ 24. Qxd1 Qe5 25. Qd3 Re8 26. Ng3 Bxg3 27. hxg3 Qd4 28. Qxd4 Nxd4 29. g4 Re4 30. g5 Nf3 31.
Bc3 Nxg5 32. Rd1 Re8 33.
Rd7 Ra8 34. Kc1 h5 35. Kd1 Ne6 36.
Ke2 Nc5 37. Rc7 a5 38. Kf3 g5 39. Bf6 Ne6 40. Rb7 Kh7 41. Rxb6 Kg6 42. Bc3 a4 43. bxa4 Rxa4 44. Bd2 Rh4 45.
b4 Rh2 46. Ke3 h4 47. b5 h3 48. Bc3 Rxc2 49. Be5 h2 50. Bxh2 Rxh2 51. Rb8 Rb2 52. b6 Kf5 0-1

[Event "The Schackveckan 2023: Göteborg open"]
[Site "Göteborgs schackcentrum, Vegagatan 20, Gothenburg, Sweden"]
[Date "2023.08.11"]
[Round "3.4"]
[White "Eriksson, Kristian"]
[Black "Mohammed, Safian Haj"]
[Result "1-0"]
[TimeControl "15 minutes + 5 seconds per move from move one (Round 1 - 4) / 90 minutes + 30 seconds per move from move one (Round 5 - 8)"]
[WhiteFideId "1705172"]
[BlackFideId "1729276"]
[WhiteElo "2057"]
[BlackElo "1862"]

1. e4 c5 2. Nf3 d6 3. d4 cxd4 4. Nxd4 Nf6 5. Nc3 g6 6. Be3 Bg7 7. f3 O-O 8. Bc4 Nc6 9. Qd2 Bd7 10.
Bb3 Qa5 11. O-O-O Rfc8 12. Kb1 Ne5 13. Rhe1 Nc4 14. Bxc4 Rxc4 15. Nb3 Qc7 16. Bd4 Be6 17. g4 a6 18. g5 Nd7 19. Bxg7 Kxg7 20. Nd5 Bxd5 21. exd5 Ne5 22.
Nd4 Kg8 23. Re3 Rc8 24. c3 b5 25. f4 Nd7 26. Nc6 Rxc6 27. dxc6 Qxc6 28. Rxe7 Nc5 29. Qxd6 Qf3 30. Rde1 Ne6 31.
R7xe6 Rb8 1-0

[Event "The Schackveckan 2023: Göteborg open"]
[Site "Göteborgs schackcentrum, Vegagatan 20, Gothenburg, Sweden"]
[Date "2023.08.11"]
[Round "3.5"]
[White "Sandberg, Lucas"]
[Black "Johansson, William"]
[Result "1-0"]
[TimeControl "15 minutes + 5 seconds per move from move one (Round 1 - 4) / 90 minutes + 30 seconds per move from move one (Round 5 - 8)"]
[WhiteFideId "1773712"]
[BlackFideId "1744070"]
[WhiteElo "1311"]
[BlackElo "2052"]

1. c4 Nf6 2. Nc3 e6 3. d4 c5 4. Nf3 cxd4 5. Nxd4 a6 6. e4 Nc6 7. Nxc6 dxc6 8. Qxd8+ Kxd8 9. e5 Nd7 10. f4 b5 11. a3 Bc5 12. Bd2 Nb6 13. O-O-O Kc7 14. Ne4 Be7 15.
Ba5 Kb7 16. Nd6+ Bxd6 17. exd6 Bd7 18. c5 Nd5 19. Bd2 Rhe8 20. Re1 f6 21. Bd3 g6 22. h4 e5 23. fxe5 fxe5 24. h5 Bf5 25. Bxf5 gxf5 26. Rhf1 f4 27. g3 e4 28. Bxf4 Re6 29. Bg5 Rg8 30. Rf7+ Kb8 31. d7 1-0

[Event "The Schackveckan 2023: Göteborg open"]
[Site "Göteborgs schackcentrum, Vegagatan 20, Gothenburg, Sweden"]
[Date "2023.08.11"]
[Round "3.6"]
[White "Harila, Per"]
[Black "Pintaric, Felix"]
[Result "1-0"]
[TimeControl "15 minutes + 5 seconds per move from move one (Round 1 - 4) / 90 minutes + 30 seconds per move from move one (Round 5 - 8)"]
[WhiteFideId "1707248"]
[BlackFideId "1776096"]
[WhiteElo "2016"]
[BlackElo "1483"]

1. d4 Nf6 2. c4 e6 3. Nc3 Bb4 4. e3 O-O 5. Bd3 d5 6. cxd5 exd5 7. Nge2 Re8 8. O-O Bd6 9. Nb5 Bf8 10.
Qc2 c6 11. Nbc3 Nbd7 12. Ng3 Bd6 13. Bd2 Nb6 14. Rae1 Qc7 15. e4 dxe4 16. Ncxe4 Nbd5 17. Nxf6+ Nxf6 18. Rxe8+ Nxe8 19. Bxh7+ Kh8 20.
Re1 Nf6 21. Bf5 g6 22. Bxc8 Rxc8 23. Bg5 Nd5 24. Qe4 Kg7 25. Qf3 f6 26. Bd2 Rd8 27. Qg4 Ne7 28. Nh5+ Kf7 29. Qe6+ 1-0

[Event "The Schackveckan 2023: Göteborg open"]
[Site "Göteborgs schackcentrum, Vegagatan 20, Gothenburg, Sweden"]
[Date "2023.08.11"]
[Round "3.7"]
[White "Yang, Mandi"]
[Black "Ottgard, Andreas"]
[Result "1-0"]
[TimeControl "15 minutes + 5 seconds per move from move one (Round 1 - 4) / 90 minutes + 30 seconds per move from move one (Round 5 - 8)"]
[WhiteFideId "1774778"]
[BlackFideId "1730592"]
[WhiteElo "1457"]
[BlackElo "1874"]

1. e4 d6 2. d4 Nf6 3. Nc3 g6 4. f3 c6 5. Be3 b5 6. a3 Nbd7 7. Qd2 a5 8. d5 cxd5 9. Nxd5 Rb8 10. Qc3 Nxd5 11. exd5 Nf6 12.
g4 Bg7 13. g5 Nh5 14. Bd4 O-O 15.
Bxg7 Nxg7 16. Ne2 Qb6 17. Qd4 Nf5 18. Qxb6 Rxb6 19. O-O-O b4 20. axb4 axb4 21. Nd4 Ne3 22. Re1 Nxd5 23.
Bc4 e6 24. Bxd5 exd5 25. Re3 Kg7 26.
Rhe1 h6 27. h4 hxg5 28. hxg5 Rh8 29. Re8 Rxe8 30. Rxe8 Bh3 31. Ra8 Bg2 32. Ra5 Bh3 33. Rxd5 Kf8 34. Rb5 Rxb5 35. Nxb5 Ke7 36. Kd2 Ke6 37. Nd4+ Kd5 38. Ke3 Bf1 39.
Ne2 Bxe2 40. Kxe2 Kd4 41. Kd2 1-0